[Event "Late-Titled-Tuesday-Blitz-June-25-2024"]
[Site "Chess.com"]
[Date "2024.06.25"]
[Round "4"]
[White "Gyulamiryan-koryun"]
[Black "CFalcons8"]
[Result "0-1"]
[WhiteElo "1814"]
[BlackElo "2430"]
[TimeControl "180+1"]
[EndTime "14:36:48 PDT"]
[Termination "CFalcons8 won on time"]

1. e4 e5 2. f4 d5 3. exd5 exf4 4. Qf3 Nf6 5. c4 Bd6 6. d4 Bg4 7. Qb3 b6 8. Nc3 a6 9. h3 Bf5 10. Nf3 O-O 11. Be2 Nh5 12. O-O Ng3 13. Rf2 g5 14.
Ne5 f6 15. Nc6 Nxc6 16. dxc6 Kh8 17. Bf3 Qe7 18. Bd2 Qg7 19. Re1 h5 20. Ne4 Bxe4 21. Bxe4 Rae8 22. Qc2 Rxe4 23. Rxe4 Qh7 24. c5 bxc5 25.
dxc5 Qxe4 26. Qxe4 Nxe4 27. cxd6 cxd6 28. Bb4 Nxf2 0-1

[Event "Late-Titled-Tuesday-Blitz-June-25-2024"]
[Site "Chess.com"]
[Date "2024.06.25"]
[Round "4"]
[White "bubeliang"]
[Black "Sondremelaa"]
[Result "1-0"]
[WhiteElo "2792"]
[BlackElo "2581"]
[TimeControl "180+1"]
[EndTime "14:36:49 PDT"]
[Termination "bubeliang won on time"]

1. b3 e5 2. Bb2 Nc6 3. e3 d5 4.
Bb5 Bd6 5. Nf3 Qe7 6. O-O Nf6 7. d4 exd4 8. exd4 O-O 9. Re1 Qd8 10.
Bxc6 bxc6 11. Nbd2 Bf5 12. Ne5 c5 13. Ndf3 Re8 14.
dxc5 Bxc5 15. Nd4 Bg6 16. Nxg6 hxg6 17. Qf3 Qd7 18. Rad1 Rxe1+ 19. Rxe1 Re8 20. Rd1 Qe7 21. g3 Qe4 22. Qxe4 Rxe4 23. Kf1 Bb6 24. Nf3 c6 25. Bd4 Bxd4 26. Rxd4 Kf8 27. Rxe4 Nxe4 28. a4 f6 29. Ke2 Ke7 30. Nd2 Nxd2 31. Kxd2 Kd6 32.
b4 Ke5 33. Kd3 g5 34. c3 g4 35. Ke3 a6 36. Kd3 Ke6 37. Kd4 Kd6 38. c4 g6 39.
cxd5 1-0

[Event "Late-Titled-Tuesday-Blitz-June-25-2024"]
[Site "Chess.com"]
[Date "2024.06.25"]
[Round "4"]
[White "kubal123"]
[Black "HowTo2Draw"]
[Result "1/2-1/2"]
[WhiteElo "2288"]
[BlackElo "2502"]
[TimeControl "180+1"]
[EndTime "14:36:49 PDT"]
[Termination "Game drawn by repetition"]

1. d4 f5 2. c4 Nf6 3. Nf3 g6 4. g3 Bg7 5. Bg2 O-O 6. O-O c6 7. Nc3 d6 8. b3 Na6 9. Bb2 Nc7 10. Qc2 Qe8 11. e4 e5 12. Rfe1 f4 13. gxf4 Nh5 14. fxe5 dxe5 15. Nxe5 Bxe5 16. dxe5 Nf4 17. Ne2 Nce6 18.
Bf1 Qe7 19. Nxf4 Nxf4 20. Kh1 Be6 21. Rad1 Qh4 22. f3 Rad8 23. Rxd8 Qxe1 24. Rxf8+ Kxf8 25. Qc1 Qh4 26. Qe3 b6 27. Bc1 g5 28. Qd4 Qe1 29. Qd8+ Kf7 30. Qf6+ Ke8 31. Qh8+ Kd7 32. Qg7+ Kc8 33.
Qf8+ Kb7 34. Qe7+ Kb8 35. Qd6+ Kb7 36. Qe7+ Ka6 37. Qa3+ Kb7 38. Qe7+ 1/2-1/2

[Event "Late-Titled-Tuesday-Blitz-June-25-2024"]
[Site "Chess.com"]
[Date "2024.06.25"]
[Round "4"]
[White "Raja3401"]
[Black "canary2016"]
[Result "1-0"]
[WhiteElo "2772"]
[BlackElo "2249"]
[TimeControl "180+1"]
[EndTime "14:36:50 PDT"]
[Termination "Raja3401 won on time"]

1. e4 c5 2. Nf3 d6 3. d4 cxd4 4. Nxd4 Nf6 5. Nc3 a6 6. Bg5 e6 7. Qe2 h6 8. Bh4 Qb6 9. O-O-O Nc6 10. Nxc6 bxc6 11. f4 Rb8 12. b3 Qb4 13. Qd3 a5 14. Be1 Qa3+ 15. Kb1 a4 16. e5 axb3 17. cxb3 Nd7 18.
exd6 Nc5 19. Qc4 Bd7 20. Kc2 Rb4 21. Qe2 Nxb3 22. axb3 Qxb3+ 23. Kd3 Bxd6 24. Ke3 Bxf4+ 25. Kf3 Bg5 26. Qd3 Rf4+ 27. Kg3 O-O 28. h4 Qb8 29.
Qd6 Bxh4+ 30. Kxf4 g5+ 31. Kf3 Qxd6 32. Rxd6 Bxe1 33. Rxd7 Bxc3 34. Rxh6 Bg7 35. Rh5 f6 36. Bc4 1-0

[Event "Late-Titled-Tuesday-Blitz-June-25-2024"]
[Site "Chess.com"]
[Date "2024.06.25"]
[Round "4"]
[White "arnoldpetra"]
[Black "Jagerrmeisterr"]
[Result "0-1"]
[WhiteElo "2446"]
[BlackElo "2657"]
[TimeControl "180+1"]
[EndTime "14:36:52 PDT"]
[Termination "Jagerrmeisterr won on time"]

1. d4 Nf6 2. c3 b6 3. Nf3 Bb7 4. Bf4 d6 5. e3 Nh5 6. Bg3 Nxg3 7. hxg3 Nd7 8. Qc2 h6 9. Be2 e6 10. a4 a6 11. Na3 g5 12. Nc4 Bg7 13. Qb3 Rb8 14.
Ncd2 Qe7 15. a5 b5 16. Qc2 f5 17. Bd3 c5 18. dxc5 dxc5 19. Rd1 O-O 20. O-O Nf6 21. Ne5 Qc7 22. Nef3 Rbd8 23. c4 b4 24. b3 Rd7 25. e4 Rfd8 26. exf5 Rxd3 27. fxe6 g4 28. Nh4 Qd6 29. Nf5 Qxe6 30. Nxg7 Kxg7 31. Nb1 Rxd1 32.
Rxd1 Qe4 33. Qxe4 Rxd1+ 34. Kh2 Bxe4 0-1

[Event "Late-Titled-Tuesday-Blitz-June-25-2024"]
[Site "Chess.com"]
[Date "2024.06.25"]
[Round "4"]
[White "chesspingvin1995"]
[Black "Bykov_Egor"]
[Result "0-1"]
[WhiteElo "2232"]
[BlackElo "2621"]
[TimeControl "180+1"]
[EndTime "14:36:53 PDT"]
[Termination "Bykov_Egor won by checkmate"]

1. Nf3 Nf6 2. g3 g6 3. Bg2 Bg7 4. d4 d6 5. O-O O-O 6. a4 a5 7. Nc3 d5 8. Ne5 Bf5 9. Re1 Nbd7 10. Nxd5 Nxd5 11. Bxd5 Nxe5 12. dxe5 c6 13. Bg2 Qxd1 14. Rxd1 Bxc2 15. Rd7 Rfd8 16. e6 fxe6 17. Bh3 Kf7 18.
Rxb7 Rd1+ 19. Kg2 Rad8 20. Rb6 Bd4 21. Bxe6+ Kg7 22. Rb7 Kf6 23. Bg4 Be4+ 24. Bf3 Bxf3+ 25.
exf3 Bc5 26. b3 Kf7 27. Bb2 R1d2 28. Bc3 Rxf2+ 29. Kh3 Rd3 30. Bxa5 Rdxf3 31. Re1 Rf5 32. b4 Bd6 33. Kg4 Rxh2 34. b5 h5# 0-1

[Event "Late-Titled-Tuesday-Blitz-June-25-2024"]
[Site "Chess.com"]
[Date "2024.06.25"]
[Round "4"]
[White "Pachonpower"]
[Black "AldokhinIvan"]
[Result "1-0"]
[WhiteElo "2465"]
[BlackElo "2644"]
[TimeControl "180+1"]
[EndTime "14:36:54 PDT"]
[Termination "Pachonpower won on time"]

1. d4 Nf6 2. Nf3 g6 3. Nc3 Bg7 4.
Bf4 d5 5. Qd2 Ne4 6. Nxe4 dxe4 7.
Ne5 Nd7 8. Qc3 Nf6 9. Qd2 Nd5 10. Bh6 e3 11. Bxe3 Nxe3 12. Qxe3 c5 13. dxc5 Qd5 14. Nd3 O-O 15. h4 Bf5 16. c3 Rfd8 17. h5 Rac8 18.
hxg6 hxg6 19. Qf3 Be4 20. Qh3 Rc6 21. Qe3 Bf5 22. Nb4 Qxc5 23. Nxc6 Qxc6 24. Qxe7 Re8 25.
Qb4 b5 26. e3 Re4 27. Qb3 b4 28. c4 a5 29. Bd3 Re5 30. Bxf5 Qxg2 31. O-O-O Rxf5 32. Rhf1 Rxf2 33. Rxf2 Qxf2 34. c5 Qf6 35. Qc2 Qc6 36. Rd6 Qh1+ 37. Rd1 1-0

[Event "Late-Titled-Tuesday-Blitz-June-25-2024"]
[Site "Chess.com"]
[Date "2024.06.25"]
[Round "4"]
[White "Fore_Man"]
[Black "Kielinkei"]
[Result "1-0"]
[WhiteElo "2215"]
[BlackElo "2513"]
[TimeControl "180+1"]
[EndTime "14:36:54 PDT"]
[Termination "Fore_Man won by checkmate"]

1. Nf3 Nf6 2. g3 b5 3. Bg2 Bb7 4. O-O e6 5. d3 Be7 6. Nbd2 O-O 7. e4 d6 8. Nb3 Nbd7 9. Nfd4 a6 10. a4 c5 11. Nf3 Qc7 12. Bf4 h6 13. Re1 Rac8 14. axb5 axb5 15. Na5 Ba8 16. Qd2 e5 17. Be3 Ng4 18.
h3 Nxe3 19. Qxe3 Nb6 20. Nb3 Bb7 21. Kh2 Ra8 22. Qd2 c4 23. Na5 Bc8 24. dxc4 bxc4 25. Qc3 Be6 26. b4 Rfc8 27. Reb1 Qd7 28. Rd1 Qb5 29.
Rdb1 Na4 30. Qa3 Bd7 31. Bf1 d5 32. exd5 Qxd5 33. Rd1 Qb5 34. Nxc4 Nb6 35. Qb3 Rxa1 36. Nd6 Qa4 37. Qxf7+ Kh7 38. Rxa1 Qxa1 39. Bd3+ Kh8 40. Qxe7 Bc6 41. Nxc8 Bxf3 42. Qf8# 1-0

[Event "Late-Titled-Tuesday-Blitz-June-25-2024"]
[Site "Chess.com"]
[Date "2024.06.25"]
[Round "4"]
[White "Eloist"]
[Black "albi1999"]
[Result "1/2-1/2"]
[WhiteElo "2469"]
[BlackElo "2638"]
[TimeControl "180+1"]
[EndTime "14:36:55 PDT"]
[Termination "Game drawn by repetition"]

1. e4 c5 2. Nf3 a6 3. g3 b5 4. Bg2 Bb7 5. Qe2 Nf6 6. e5 Nd5 7. O-O e6 8. d3 Be7 9. c4 Nb6 10. Nc3 b4 11. Ne4 O-O 12. h4 f5 13. exf6 gxf6 14.
Bh6 Rf7 15. Rad1 d5 16. Ned2 Qd6 17. Bh3 e5 18. h5 Nc6 19. cxd5 Qxd5 20. Qe4 Nd4 21.
Nxd4 cxd4 22. Qxd5 Bxd5 23. Bg2 Bxg2 24. Kxg2 Bf8 25.
Bxf8 Rfxf8 26. Rc1 Rfc8 27. Ne4 Nd7 28. Nd6 Rc5 29. Ne4 Rcc8 30. Nd6 Rc5 31. Ne4 Rcc8 1/2-1/2

[Event "Late-Titled-Tuesday-Blitz-June-25-2024"]
[Site "Chess.com"]
[Date "2024.06.25"]
[Round "4"]
[White "ALRS-SPS"]
[Black "tarno17"]
[Result "1-0"]
[WhiteElo "2443"]
[BlackElo "2178"]
[TimeControl "180+1"]
[EndTime "14:36:55 PDT"]
[Termination "ALRS-SPS won by resignation"]

1. e4 c5 2. Nf3 e6 3. d4 cxd4 4. Nxd4 a6 5. Be3 Qc7 6. f3 Nf6 7. Be2 Bd6 8. g3 O-O 9. Bf2 Bc5 10. O-O d5 11. exd5 Nxd5 12. c4 Nf6 13. Nb3 Bxf2+ 14. Kxf2 Nc6 15. Nc3 e5 16. Qc2 Nd4 17. Nxd4 exd4 18.
Ne4 Nxe4+ 19. Qxe4 Qc5 20. Bd3 g6 21. Qd5 Qb6 22.
b3 Be6 23. Qe5 Rfe8 24. Qf6 Rad8 25. Rfe1 Qb4 26. Re2 Rd6 27. Qf4 Red8 28. Rd1 Qc3 29. Rc2 Qa5 30. h4 Qh5 31. Kg2 Qc5 32. Re2 b5 33.
Re5 Qa3 34. cxb5 Qxa2+ 35. Rd2 Qxb3 36. bxa6 Rxa6 37. Bxa6 d3 38. Qe3 Qb1 39. Rxe6 fxe6 40. Qxe6+ Kf8 41. Qf6+ Ke8 42. Qh8+ Kd7 43. Qxh7+ Kc6 44.
Qxg6+ Rd6 45. Qe4+ Kb6 46. Bxd3 Qc1 47. Qe3+ Kc7 48.
Rc2+ Qxc2+ 49. Bxc2 1-0

[Event "Late-Titled-Tuesday-Blitz-June-25-2024"]
[Site "Chess.com"]
[Date "2024.06.25"]
[Round "4"]
[White "OppieZippy"]
[Black "protectiago"]
[Result "1-0"]
[WhiteElo "2353"]
[BlackElo "2129"]
[TimeControl "180+1"]
[EndTime "14:36:56 PDT"]
[Termination "OppieZippy won on time"]

1. Nf3 c5 2. e3 Nc6 3. d4 cxd4 4.
exd4 d5 5. Bd3 Nf6 6. O-O e6 7.
c3 Be7 8. Nbd2 O-O 9. Ne5 Nd7 10. f4 Ndxe5 11. fxe5 f5 12. exf6 Bxf6 13. Nf3 Qb6 14. Qe2 e5 15. Ng5 e4 16. Bc2 Bd7 17. Bb3 Ne7 18. Nxe4 Rae8 19. Nxf6+ Rxf6 20. Rxf6 Qxf6 21. Bd2 Kh8 22. Rf1 Qg6 23. Qf2 h6 24. Bf4 Bf5 25. Be5 Be4 26. Bg3 Nf5 27. Qf4 Nxg3 28. Qxg3 Qxg3 29. hxg3 1-0

[Event "Late-Titled-Tuesday-Blitz-June-25-2024"]
[Site "Chess.com"]
[Date "2024.06.25"]
[Round "4"]
[White "HansOnTwitch"]
[Black "AlexeiShirov"]
[Result "0-1"]
[WhiteElo "3106"]
[BlackElo "2876"]
[TimeControl "180+1"]
[EndTime "14:36:59 PDT"]
[Termination "AlexeiShirov won on time"]

1. e4 e5 2. Nf3 Nc6 3. Bc4 Nf6 4. d3 Bc5 5. c3 O-O 6. Bg5 h6 7. Bh4 g5 8. Bg3 d5 9. exd5 Nxd5 10. Nbd2 Nf4 11.
Bxf4 exf4 12. Ne4 Be7 13. d4 Kg7 14. O-O f5 15. Ned2 Bf6 16. Qc2 Qd6 17. Bb3 Na5 18.
Rfe1 Nxb3 19. Qxb3 Qb6 20. Nc4 Qxb3 21. axb3 Bd7 22.
Nfe5 Bb5 23. Na3 Be8 24. Nc2 a5 25. b4 a4 26. Na3 b6 27. Re2 Rd8 28. Rae1 Bh5 29. f3 Rfe8 30. Nb5 Re7 31. Na7 Rde8 32. Nac6 Re6 33. d5 Rd6 34. c4 b5 35. Na7 bxc4 36. Nb5 Rxd5 37. Nxc7 Rexe5 38. Nxd5 Rxd5 39. Rc2 Bf7 40. Rxc4 Bxb2 41. Rc7 Kf6 42. Ra7 Bd4+ 0-1

[Event "Late-Titled-Tuesday-Blitz-June-25-2024"]
[Site "Chess.com"]
[Date "2024.06.25"]
[Round "4"]
[White "Maus7"]
[Black "rasmussvane"]
[Result "0-1"]
[WhiteElo "2670"]
[BlackElo "2983"]
[TimeControl "180+1"]
[EndTime "14:36:59 PDT"]
[Termination "rasmussvane won by checkmate"]

1. e4 c6 2. Nf3 d5 3. Nc3 dxe4 4. Nxe4 Nf6 5. Nxf6+ exf6 6. Bc4 Bd6 7. Qe2+ Be7 8.
O-O O-O 9. d4 Bd6 10. Re1 Na6 11. c3 Nc7 12. Qc2 Bg4 13. Nd2 Re8 14. Rxe8+ Qxe8 15.
Ne4 Bf8 16. Bd2 Qd7 17. h3 Bf5 18. Re1 Rd8 19. Bc1 Bg6 20. Bd3 b6 21. Ng3 Bxd3 22. Qxd3 c5 23. Be3 cxd4 24. cxd4 Nd5 25. Rc1 g6 26. Ne4 f5 27. Nc3 Bg7 28. a3 Nxe3 29.
fxe3 f4 30. Ne2 fxe3 31. Qxe3 Re8 32. Qd3 Qe6 33. Nc3 Qd7 34. d5 Be5 35. Rd1 Bd6 36.
Ne4 Be5 37. b4 Rd8 38. Qf3 Qe7 39. Kh1 f5 40. Nf2 Bc7 41. Nd3 Qd6 42. Kg1 Re8 43.
Kf1 Qh2 44. Nf2 Bd6 45. Re1 Qg1+ 46. Kxg1 Rxe1# 0-1

[Event "Late-Titled-Tuesday-Blitz-June-25-2024"]
[Site "Chess.com"]
[Date "2024.06.25"]
[Round "4"]
[White "Bob_2004"]
[Black "KoshkaMatrioshka"]
[Result "1-0"]
[WhiteElo "2746"]
[BlackElo "2549"]
[TimeControl "180+1"]
[EndTime "14:37:02 PDT"]
[Termination "Bob_2004 won by resignation"]

1. e4 e6 2. d3 d5 3. Nd2 Nf6 4. Ngf3 c5 5. g3 Nc6 6. Bg2 Be7 7. O-O O-O 8. e5 Nd7 9. Re1 Qc7 10. Qe2 b5 11.
Nf1 a5 12. h4 a4 13. a3 b4 14.
N1h2 b3 15. c3 Ba6 16. h5 Rae8 17. h6 g6 18. Ng4 f5 19. exf6 Bxf6 20. Nxf6+ Nxf6 21.
Bf4 Qe7 22. Qd2 Nh5 23. Bg5 Qd6 24. d4 Nf6 25. Ne5 Ne4 26. Bxe4 dxe4 27. Rxe4 cxd4 28. cxd4 Nxe5 29. Rxe5 Bb7 30. Rae1 Qc6 31. d5 exd5 32. Qd4 Rxe5 33. Qxe5 Qd7 34. Be3 Re8 35. Qf6 d4 36.
Bd2 Rxe1+ 37. Bxe1 Qf7 38. Qd8+ Qf8 39. Qxd4 Kf7 40.
Bb4 Qe8 41. Qg7+ Ke6 42. Qxb7 Qd7 43. Qxd7+ Kxd7 44. Kg2 1-0

[Event "Late-Titled-Tuesday-Blitz-June-25-2024"]
[Site "Chess.com"]
[Date "2024.06.25"]
[Round "4"]
[White "Chempiblinka"]
[Black "ArmanGhevondyanchess"]
[Result "0-1"]
[WhiteElo "2407"]
[BlackElo "2605"]
[TimeControl "180+1"]
[EndTime "14:37:02 PDT"]
[Termination "ArmanGhevondyanchess won by resignation"]

1. Nf3 d5 2. g3 c6 3. Bg2 Nf6 4. c4 dxc4 5. a4 Bf5 6. Na3 e6 7. Nxc4 Be7 8. O-O O-O 9. Qb3 Qc8 10. d3 Nbd7 11. Nd4 Bg6 12. Bf4 Nc5 13. Qc2 Rd8 14. b4 Nxd3 15. exd3 Rxd4 16. Rfd1 Nd5 17. Bd6 Rxc4 18.
Qxc4 Bxd6 19. b5 cxb5 20. axb5 Qc5 21. Rac1 Rc8 22. Bxd5 exd5 23. Qh4 Qxc1 24. Rxc1 Rxc1+ 25. Kg2 Bxd3 26. Qd8+ Bf8 27. Qxd5 Rd1 28. Qxb7 h6 29. Qxa7 Bxb5 30. h4 Bc6+ 31. Kh3 h5 32. g4 Rd3+ 33.
Kh2 hxg4 34. h5 Bd6+ 35. f4 Bxf4+ 36. Kg1 Be3+ 37. Qxe3 Rxe3 0-1

[Event "Late-Titled-Tuesday-Blitz-June-25-2024"]
[Site "Chess.com"]
[Date "2024.06.25"]
[Round "4"]
[White "EternalNight8"]
[Black "JiangoFett"]
[Result "1-0"]
[WhiteElo "2394"]
[BlackElo "2511"]
[TimeControl "180+1"]
[EndTime "14:37:02 PDT"]
[Termination "EternalNight8 won by resignation"]

1. e4 c5 2. Nf3 Nc6 3. d4 cxd4 4. Nxd4 e6 5. Nc3 Qc7 6. Be3 a6 7. Qf3 Bd6 8. Nxc6 bxc6 9. O-O-O Nf6 10. g4 Rb8 11. g5 Ng8 12. Bc4 Ne7 13. h4 Be5 14. Bd4 Ng6 15. h5 Bxd4 16. hxg6 Bxc3 17. Qxf7+ Kd8 18.
bxc3 Qe5 19. Rxh7 Re8 20. Rxg7 d5 21. Bxa6 Qxg5+ 22. f4 Qe7 23. Bxc8 Rxc8 24. exd5 cxd5 25. Rxd5+ exd5 26. Qxd5+ Kc7 27. Rxe7+ Rxe7 28. Qc5+ Kd7 29.
Qd4+ Kc7 30. c4 Rg8 31. f5 Rf8 32. f6 Rd7 33. Qc5+ 1-0

[Event "Late-Titled-Tuesday-Blitz-June-25-2024"]
[Site "Chess.com"]
[Date "2024.06.25"]
[Round "4"]
[White "sammartin99"]
[Black "talaicito"]
[Result "1-0"]
[WhiteElo "2511"]
[BlackElo "2356"]
[TimeControl "180+1"]
[EndTime "14:37:02 PDT"]
[Termination "sammartin99 won on time"]

1. d4 e6 2. c4 f5 3. Nf3 Nf6 4. a3 d6 5. Nc3 Be7 6. Bf4 O-O 7. e3 Ne4 8. Nxe4 fxe4 9. Nd2 d5 10.
Rc1 Nc6 11. cxd5 exd5 12. Bb5 Bd6 13. Bg3 Qf6 14. O-O Ne7 15. Qb3 Kh8 16. Bxd6 Qxd6 17. Qb4 Qe6 18. Rxc7 Ng6 19. Qa4 Qd6 20. Rc2 Bg4 21.
Qb4 Qe6 22. Rc7 Bh3 23. Bd7 Qf7 24. Qd6 Rad8 25. gxh3 Nh4 26. Kh1 Qh5 27. Bg4 Qg5 28. Qg3 h5 29. Be6 Qf6 30. Bd7 1-0

[Event "Late-Titled-Tuesday-Blitz-June-25-2024"]
[Site "Chess.com"]
[Date "2024.06.25"]
[Round "4"]
[White "chrisclaireredfield"]
[Black "dasatcu90"]
[Result "1-0"]
[WhiteElo "2484"]
[BlackElo "2278"]
[TimeControl "180+1"]
[EndTime "14:37:04 PDT"]
[Termination "chrisclaireredfield won by resignation"]

1. Nf3 d5 2. g3 c6 3. Bg2 Nf6 4. c4 dxc4 5. O-O b5 6. a4 Bb7 7. b3 cxb3 8. Qxb3 a6 9. Ne5 e6 10. Nc3 Qd4 11. Nd3 Qb6 12. e4 Nbd7 13. e5 Nd5 14.
Ne4 Be7 15. Ba3 b4 16. Bb2 a5 17. Nd6+ Bxd6 18. exd6 O-O 19. Rfe1 Nc5 20. Nxc5 Qxc5 21. Be5 f6 22. d4 Qc3 23. Bxd5 cxd5 24. Qxc3 bxc3 25.
Bf4 Kf7 26. Rab1 Bc6 27. Rec1 Bxa4 28. Rxc3 Rfc8 29. Rc7+ Kg6 30. Rbb7 Rxc7 31. dxc7 Bd7 32. Rb8 Ra6 33. Rd8 Rc6 34. Rxd7 Kf5 35. Kg2 e5 36. dxe5 fxe5 37. Rxd5 Rxc7 38. Rxe5+ Kf6 39. Rxa5 Rc2 40. g4 h6 41. h4 1-0

[Event "Late-Titled-Tuesday-Blitz-June-25-2024"]
[Site "Chess.com"]
[Date "2024.06.25"]
[Round "4"]
[White "Jospem"]
[Black "BardArtem"]
[Result "1-0"]
[WhiteElo "3052"]
[BlackElo "2834"]
[TimeControl "180+1"]
[EndTime "14:37:05 PDT"]
[Termination "Jospem won on time"]

1. e4 e5 2. Nf3 Nc6 3. Nc3 Nf6 4.
h3 a6 5. d4 exd4 6. Nxd4 Bb4 7. Nxc6 bxc6 8. Bd3 d5 9. exd5 cxd5 10. O-O O-O 11. Qf3 c6 12. Bf4 Bd6 13. Rad1 Rb8 14.
b3 h6 15. Ne2 a5 16. c4 Re8 17. cxd5 Nxd5 18. Bxd6 Qxd6 19. Bc4 Qb4 20. Nd4 Bd7 21.
Nxc6 Bxc6 22. Bxd5 Bxd5 23. Rxd5 a4 24. Rd7 Rf8 25.
Rb1 axb3 26. axb3 Rbc8 27. Rbd1 Rc3 28. R7d3 Rxd3 29. Rxd3 Re8 30. g3 Rb8 31. Kg2 Qb5 32. Rc3 Qb4 33. h4 Qb5 34. Qe4 Re8 35. Qc6 Qe2 36.
Rf3 Qe6 37. Qxe6 Rxe6 38. b4 Rb6 39. Rb3 f5 40. Kf3 g5 41. hxg5 hxg5 42. Ke3 Kf7 43. Kd4 Ke6 44. b5 Rd6+ 45. Kc5 Rd5+ 46. Kc6 Rd6+ 47.
Kc7 Rd7+ 48. Kc8 Rh7 49. b6 Rh8+ 50. Kc7 Rh7+ 51. Kc6 Rh8 52. b7 1-0

[Event "Late-Titled-Tuesday-Blitz-June-25-2024"]
[Site "Chess.com"]
[Date "2024.06.25"]
[Round "4"]
[White "Seppppppy"]
[Black "GlavkonVVS"]
[Result "0-1"]
[WhiteElo "2393"]
[BlackElo "2643"]
[TimeControl "180+1"]
[EndTime "14:37:08 PDT"]
[Termination "GlavkonVVS won by resignation"]

1. d4 Nf6 2. c4 c5 3. d5 e6 4.
Nc3 exd5 5. cxd5 d6 6. e4 g6 7. f4 Bg7 8. Nf3 O-O 9. Be2 Re8 10. Qc2 Na6 11. Bxa6 bxa6 12. O-O Bg4 13. h3 Bxf3 14. Rxf3 Rb8 15. Bd2 Rb4 16. Re1 c4 17. e5 Qb6+ 18. Be3 Rxb2 19. Qa4 Qb8 20. exf6 Bxf6 21. Nd1 Rb1 22. Kh2 Qb5 23. Qc2 Ra1 24. Nc3 Rxe1 25. Nxb5 axb5 26. Bxa7 R8e2 27. Qxe2 Rxe2 28. Bb8 Be7 29.
Ra3 b4 30. Ra8 Kg7 31. Ra6 c3 32. Bxd6 Bxd6 33. Rxd6 Rxa2 34. Rc6 c2 35. d6 Kf6 36. Rc7 b3 37. g4 Ke6 38. d7 Ke7 39. f5 c1=Q+ 40. Kg3 Qxc7+ 0-1

[Event "Late-Titled-Tuesday-Blitz-June-25-2024"]
[Site "Chess.com"]
[Date "2024.06.25"]
[Round "4"]
[White "bazar-wokzal"]
[Black "BillieKimbah"]
[Result "0-1"]
[WhiteElo "2605"]
[BlackElo "2923"]
[TimeControl "180+1"]
[EndTime "14:37:10 PDT"]
[Termination "BillieKimbah won by resignation"]

1. e4 d6 2. f4 g6 3. Nc3 Bg7 4. Nf3 c5 5. h3 a6 6. g4 b5 7.
Bg2 b4 8. Ne2 Bb7 9. d3 Nc6 10.
O-O Nf6 11. f5 a5 12. c3 a4 13. a3 bxc3 14. bxc3 O-O 15. Rb1 Na5 16. Ng3 Nb3 17. Be3 Nd7 18. d4 Rc8 19. h4 cxd4 20. cxd4 Rc3 21.
Qe1 Qc7 22. h5 Nf6 23. hxg6 hxg6 24. fxg6 fxg6 25. Nh4 Nxg4 26. Rxf8+ Bxf8 27. Nf1 Bg7 28. Rd1 Nxe3 29. Nxe3 Bxd4 30. Rxd4 Nxd4 31. Nxg6 Qc5 32. Qh4 Nf3+ 33. Bxf3 Qxe3+ 34. Kh2 Rc2+ 35. Kg3 Qf2+ 36.
Kg4 Bc8+ 37. Kg5 Rc5+ 38. e5 Qxh4+ 39. Kxh4 Kf7 40. Bh5 dxe5 41. Nxe5+ Kf6 42. Nd3 Rc4+ 43. Kg3 Rc3 0-1

[Event "Late-Titled-Tuesday-Blitz-June-25-2024"]
[Site "Chess.com"]
[Date "2024.06.25"]
[Round "4"]
[White "IMRosen"]
[Black "guillembaches"]
[Result "1-0"]
[WhiteElo "2732"]
[BlackElo "2545"]
[TimeControl "180+1"]
[EndTime "14:37:10 PDT"]
[Termination "IMRosen won on time"]

1. e4 d5 2. exd5 Qxd5 3. Nc3 Qa5 4. b4 Qxb4 5. Nb5 Qa5 6. Bc4 Nf6 7. Nf3 c6 8. Nbd4 g6 9. O-O Bg7 10. Rb1 O-O 11. Re1 Qd8 12. Ba3 Re8 13. c3 b5 14. Bb3 a5 15. Ne5 e6 16. Nexc6 Nxc6 17.
Nxc6 Qc7 18. Nd4 Bd7 19. Bc2 b4 20. Bb2 e5 21. Nf3 Bc6 22. Rc1 Qb7 23. cxb4 axb4 24. Bb3 Bxf3 25. Qxf3 Qxf3 26. gxf3 Nh5 27. Rc7 Rf8 28.
Bxe5 Bxe5 29. Rxe5 Rad8 30. Re4 Rxd2 31. Rxb4 Kg7 32.
Rbb7 Kh6 33. Rxf7 Rxf7 34. Rxf7 g5 35. Rc7 Nf4 36. Bc2 g4 37. fxg4 Kg5 38. Kf1 1-0

[Event "Late-Titled-Tuesday-Blitz-June-25-2024"]
[Site "Chess.com"]
[Date "2024.06.25"]
[Round "4"]
[White "LiemLe"]
[Black "Rodalquilar"]
[Result "1-0"]
[WhiteElo "3030"]
[BlackElo "2829"]
[TimeControl "180+1"]
[EndTime "14:37:12 PDT"]
[Termination "LiemLe won on time"]

1. c4 e6 2. g3 d5 3. Bg2 Nf6 4. Nf3 Be7 5. b3 O-O 6. Bb2 b6 7. O-O Bb7 8. e3 dxc4 9. bxc4 c5 10. Qe2 Nc6 11. Nc3 Rc8 12. Rad1 Qc7 13. Ne1 Rfd8 14. f4 Ne8 15. g4 Nb4 16. Bxb7 Qxb7 17. a3 Nc6 18. g5 a6 19. Rf3 b5 20. Rh3 bxc4 21. Qh5 Kf8 22. Ba1 Nd6 23. Qxh7 Ke8 24. Qxg7 Kd7 25. Rb1 Qa8 26. Na4 Kc7 27. Nb6 Qb7 28.
Nd5+ exd5 29. Rxb7+ Kxb7 30. Be5 Rg8 31. Qh7 Nxe5 32.
fxe5 Rxg5+ 33. Rg3 Rxe5 34. Nf3 Re6 35. Ng5 Bxg5 36. Rxg5 Kc6 37. Qh5 Ne4 38. Rxd5 Rg6+ 39. Kf1 Rcg8 40. Ke2 Rg1 41. Kf3 f5 42. Rxf5 Nxd2+ 43. Ke2 R8g2+ 44. Rf2 Ne4 45. Qe8+ Kb6 46. Qxe4 c3 47. Rxg2 c2 48. Rxg1 c1=Q 49. Rxc1 1-0

[Event "Late-Titled-Tuesday-Blitz-June-25-2024"]
[Site "Chess.com"]
[Date "2024.06.25"]
[Round "4"]
[White "katharinareinecke"]
[Black "kiwibobo"]
[Result "1-0"]
[WhiteElo "2052"]
[BlackElo "2351"]
[TimeControl "180+1"]
[EndTime "14:37:12 PDT"]
[Termination "katharinareinecke won by checkmate"]

1. d4 Nf6 2. Nf3 g6 3. g3 Bg7 4. Bg2 d5 5. O-O O-O 6. c4 c6 7.
Ne5 dxc4 8. Nxc4 Be6 9. Nba3 Bd5 10. f3 Nbd7 11. e4 Be6 12. f4 Nb6 13. Nxb6 Qxb6 14. Nc2 Rad8 15. Qe2 Ng4 16. e5 Bf5 17. Kh1 Bxc2 18.
Qxg4 Qxd4 19. Qf3 Bd1 20. Qa3 Be2 21. Be3 Qd3 22. Rfe1 Qxa3 23. bxa3 Bc4 24. Bxa7 Ra8 25. Bc5 Rxa3 26. Bxa3 Ra8 27. Bxe7 h5 28. Bf6 Bf8 29. a4 Bb4 30. Red1 c5 31. Rd8+ Rxd8 32. Bxd8 Kf8 33.
Bf6 Be6 34. Bxb7 Ba5 35. Bg2 c4 36. Bf1 Bd5+ 37. Bg2 Be6 38. Rc1 c3 39. Bg5 Bb3 40.
h3 c2 41. Be4 Bd2 42. Rxc2 Bxc2 43. Bxc2 Ba5 44. Kg2 Ke8 45. Kf3 Kd7 46. Ke4 Ke6 47. g4 hxg4 48. hxg4 Kd7 49. f5 gxf5+ 50. gxf5 Bc3 51. Kd5 Bb2 52. e6+ fxe6+ 53. fxe6+ Ke8 54. Bd3 Bc3 55. Be3 Bb4 56. Bc5 Bxc5 57. Kxc5 Ke7 58. Kd5 Kd8 59. a5 Kc7 60. a6 Kb6 61. e7 Ka7 62. Kc6 Kb8 63. e8=Q+ Ka7 64. Qd7+ Kb8 65.
Qb7# 1-0

[Event "Late-Titled-Tuesday-Blitz-June-25-2024"]
[Site "Chess.com"]
[Date "2024.06.25"]
[Round "4"]
[White "s-dshubin"]
[Black "RodriQA"]
[Result "1-0"]
[WhiteElo "2322"]
[BlackElo "2464"]
[TimeControl "180+1"]
[EndTime "14:37:13 PDT"]
[Termination "s-dshubin won on time"]

1. e4 b6 2. d4 Bb7 3. Nc3 e6 4. Nf3 Bb4 5. Bd3 Nf6 6. Bg5 h6 7.
Bxf6 Qxf6 8. Qe2 Nc6 9. a3 Bxc3+ 10. bxc3 a5 11. O-O O-O 12. e5 Qf4 13. g3 Qg4 14. h3 Qxh3 15. Qe4 g6 16. Nh4 Rab8 17. Nxg6 Kg7 18. Nf4 Qf5 19. Qxf5 exf5 20. Bxf5 d6 21. e6 Ne7 22. Bh3 Be4 23. Rfe1 f5 24. Bg2 Bxc2 25.
Nd5 Nxd5 26. Bxd5 Rbe8 27. Bc6 Re7 28. d5 Be4 29. Re3 Kf6 30. f3 Bc2 31. Rc1 Bb3 32. c4 a4 33. Kf2 Rg8 34. Rh1 Rg6 35. Rc3 Reg7 36. f4 Ke7 37. Rh5 Rf6 38. Rh1 Rfg6 39. Rb1 1-0